 Dungeon Crawl Stone Soup version 0.29.1-15-g9cfb28693d (webtiles) character file.

Game seed: 9390619713978185222

70 dudediamond6 the Slasher (level 4, -4/37 HPs)
             Began as a Human Berserker on Feb 27, 2023.
             Was a Believer of Trog.
             Slain by a black bear (6 damage)
             ... on level 3 of the Dungeon.
             The game lasted 00:03:38 (2782 turns).

dudediamond6 the Slasher (Human Berserker)          Turns: 2782, Time: 00:03:40

Health: -4/37      AC:  7    Str: 19    XL:     4   Next: 45%
Magic:  4/4        EV:  8    Int:  7    God:    Trog [**....]
Gold:   177        SH:  7    Dex: 13    Spells: 3/3 levels left

rFire   . . .      SeeInvis +   a - +0 falchion
rCold   . . .      Faith    .   u - +0 kite shield
rNeg    . . .      Spirit   .   k - +0 scale mail
rPois   .          Reflect  .   h - +0 helmet
rElec   .          Harm     .   (no cloak)
rCorr   .          Rampage  .   (no gloves)
Will    .....                   (no boots)
Stlth   ..........              (no amulet)
HPRegen 0.12/turn               f - ring of see invisible
MPRegen 0.09/turn               (no ring)

@: on berserk cooldown, slowed, very slow
A: no striking features
a: Renounce Religion, Berserk, Trog's Hand


You were on level 3 of the Dungeon.
You worshipped Trog.
Trog was pleased with you.
You visited 1 branch of the dungeon, and saw 3 of its levels.

You collected 177 gold pieces.

Inventory:

Hand Weapons
 a - a +0 falchion (weapon)
 r - a +2 vampiric short sword
Armour
 b - a +0 animal skin
 h - a +0 helmet (worn)
 k - a +0 scale mail (worn)
 u - a +0 kite shield (worn)
Jewellery
 f - a ring of see invisible (left hand)
Scrolls
 d - 2 scrolls of identify {unknown}
 i - a scroll of poison {unknown}
 j - a scroll of enchant armour {unknown}
 l - a scroll of fear {unknown}
 n - a scroll of brand weapon {unknown}
 o - a scroll of immolation {unknown}
 q - a scroll of fog {unknown}
 t - a scroll of blinking {unknown}
Potions
 c - a potion of flight {unknown}
 e - a potion of haste {unknown}
 g - a potion of degeneration {unknown}
 m - a potion of heal wounds {unknown}
 p - a potion of attraction {unknown}
 s - a potion of curing {unknown}


   Skills:
 * Level 3.8 Fighting
 * Level 4.2 Long Blades
 + Level 2.1 Armour
 - Level 2.0 Dodging


You had 3 spell levels left.
You didn't know any spells.
Your spell library was empty.

Dungeon Overview and Level Annotations

Branches:
Dungeon (3/15)

Altars:

Shops:
D:1 :((   D:3 [


Message History

The black bear is almost dead.
You are no longer berserk.
You are exhausted.
You feel yourself slow down. The black bear bites you.
You block the black bear's attack.
The black bear claws you but does no damage.
You barely miss the black bear.
The black bear is almost dead.
The black bear bites you but does no damage.
The black bear claws you but does no damage. x2
You block the black bear's attack.
The black bear claws you but does no damage. x2
The black bear bites you. The black bear barely misses you.
The black bear claws you but does no damage.
You closely miss the black bear.
The black bear is almost dead.
The black bear bites you.
The black bear claws you but does no damage.
The black bear completely misses you. The black bear bites you.
The black bear claws you but does no damage. x2
The black bear barely misses you. You block the black bear's attack. x2
You hit the black bear.
The black bear is almost dead.
The black bear bites you. You block the black bear's attack.
The black bear claws you.
* * * LOW HITPOINT WARNING * * *
The black bear bites you but does no damage.
The black bear claws you but does no damage. x2
The black bear bites you.
* * * LOW HITPOINT WARNING * * *
The black bear barely misses you.
The black bear claws you but does no damage.
You barely miss the black bear.
The black bear is almost dead.
The black bear closely misses you.
The black bear claws you but does no damage. x2
The black bear bites you!
* * * LOW HITPOINT WARNING * * *
The black bear claws you.
You die...

#.......#.#
#.......#.#
#.......#.# ##
#####.#######.#
...#.....# #.#
.......$.# #'#
...#.(...# ...
#.....# .....
#...@.# .......
#....h!...........
#####.###.........#
#.# ###.....∩.# .#
.# .# .#


You could see a black bear (berserk).

Vanquished Creatures
  2 adders (D:2)
  4 dart slugs
  4 ball pythons
  5 endoplasms
  A giant cockroach (D:3)
  4 goblins
  5 hobgoblins
  2 jackals (D:1)
  2 quokkas
  4 bats
  2 frilled lizards (D:1)
  3 kobolds
  4 rats
42 creatures vanquished.

Notes
Turn   | Place    | Note
-------+----------+-------------------------------------------
     0 | D:1      | dudediamond6 the Human Berserker began the quest for the
                  | Orb.
     0 | D:1      | Reached XP level 1. HP: 18/18 MP: 1/1
   563 | D:1      | Reached XP level 2. HP: 24/24 MP: 2/2
   751 | D:1      | Found a faded altar of an unknown god.
  1035 | D:1      | Found Siocuul's Antique Weapon Emporium.
  1065 | D:1      | Reached XP level 3. HP: 22/29 MP: 3/3
  1290 | D:1      | Found Pesuasie's Weapon Emporium.
  1423 | D:1      | Found Quwkidd's Book Boutique.
  2037 | D:2      | Reached XP level 4. HP: 34/37 MP: 4/4
  2124 | D:2      | Reached skill level 4 in Long Blades
  2135 | D:2      | Reached ** piety under Trog
  2744 | D:3      | Found Civesu's Antique Armour Shop.
  2766 | D:3      | Noticed a black bear
  2782 | D:3      | Slain by a black bear

Illustrated notes

Levels and vault maps discovered:
D:1:      ncdulo_lavacross, layout_loops_corners, serial_shops, shop, shop,
          shop, ebering_ecumenical_altar_rust, kennysheep_minor_cross,
          minmay_tetromino_l2
D:2:      layout_loops_ring
D:3:      layout_basic, serial_shops, shop

Skill      XL: |  1  2  3  4 |
---------------+-------------+-----
Long Blades    | 4 |  4.2
Fighting       | |  3.8
Armour         | |  2.1
Dodging        | |  2.0

Action                   |  1- 3 |  4- 6 || total
-------------------------+-------+-------++-------
Melee: Falchion          |   119 |    51 ||   170
       Punch             |     1 |       ||     1
Invok: Berserk           |       |     1 ||     1
Armor: Animal skin       |     9 |       ||     9
       Scale mail        |    29 |    37 ||    66
Dodge: Dodged            |    79 |    31 ||   110
Block: Kite shield       |       |    11 ||    11
